 Dungeon Crawl Stone Soup version 0.25-a0-701-gb30f108f01 (webtiles) character file.

Game seed: 15147851157946913899, levelgen mode: deterministic

74 Maedhros the Charlatan (level 4, -4/28 HPs)
             Began as an Octopode Artificer on Apr 3, 2020.
             Was an Initiate of Dithmenos.
             Slain by Crazy Yiuf
             ... wielding a +4 quarterstaff of chaos
              (13 damage)
             ... while paralysed by Crazy Yiuf
             ... on level 2 of the Dungeon.
             The game lasted 00:02:18 (2047 turns).

Maedhros the Charlatan (Octopode Artificer)         Turns: 2047, Time: 00:02:18

Health: -4/28      AC:  1    Str:  8 (11) XL:     4   Next: 28%
Magic:  7/7        EV:  2    Int: 13      God:    Dithmenos [......]
Gold:   70         SH:  0    Dex: 13      Spells: 3/3 levels left

rFire    . . .     SeeInvis .   a - +0 short sword
rCold    . . .     Gourm    .   (no shield)
rNeg     . . .     Faith    .   (helmet restricted)
rPois    .         Spirit   .   (no amulet)
rElec    .         Reflect  .   (no ring)
rCorr    .         Harm     .   (no ring)
MR       .....                  (no ring)
Stlth    ++++......             (no ring)
HPRegen  0.09/turn              (no ring)
MPRegen  0.10/turn              (no ring)
                                (no ring)
                                (no ring)

@: paralysed, very slightly contaminated, invisible
A: almost no armour, stealthy swim, amphibious, 8 rings, constrict 8, camouflage
1, gelatinous body 1
a: Renounce Religion


You were on level 2 of the Dungeon.
You worshipped Dithmenos.
Dithmenos was noncommittal.
You were hungry.

You visited 1 branch of the dungeon, and saw 2 of its levels.

You collected 70 gold pieces.

Inventory:

Hand Weapons
 a - a +0 short sword (weapon)
Missiles
 j - 17 poisoned darts (quivered)
Wands
 b - a wand of flame (14)
 c - a wand of enslavement (12)
 d - a wand of random effects (15)
Scrolls
 e - a scroll of amnesia {unknown}
 g - 2 scrolls of teleportation {unknown}
 l - 2 scrolls of remove curse {unknown}
Potions
 h - a potion of haste {unknown}
 i - a potion of heal wounds {unknown}
 k - a potion of brilliance {unknown}
 m - a potion of stabbing {unknown}
Comestibles
 f - 3 rations


   Skills:
 - Level 1.0 Fighting
 - Level 1.0 Short Blades
 - Level 2.0 Dodging
 + Level 4.2 Stealth
 + Level 4.5 Evocations


You had 3 spell levels left.
You didn't know any spells.
Your spell library was empty.

Dungeon Overview and Level Annotations

Branches:
Dungeon (2/15)

Altars:
Cheibriados
Dithmenos
Kikubaaqudgha
Qazlal
Sif Muna
Trog
Xom
Zin
The Shining One

Annotations:
D:2 Crazy Yiuf


Innate Abilities, Weirdness & Mutations

You cannot wear most types of armour.
You are very stealthy in the water. (Stealth+)
You are amphibious.
You can wear up to eight rings at the same time.
You can use your tentacles to constrict eight enemies at once.
Your skin changes colour to match your surroundings (Stealth+).
Your rubbery body absorbs attacks. (AC +1, EV +1)


Message History

You hit Crazy Yiuf. Your grab misses Crazy Yiuf.
Crazy Yiuf is lightly wounded.
Crazy Yiuf hits you with a +4 quarterstaff of chaos!
You fade into invisibility!
You are very lightly contaminated with residual magic.
You hit Crazy Yiuf. Your grab misses Crazy Yiuf.
Crazy Yiuf is heavily wounded.
Evoke which item? (* to show all) (? for menu, Esc to quit)
Aiming: Throw Flame
Press: ? - help, Shift-Dir - straight line, f - Crazy Yiuf
Aim: Crazy Yiuf, wielding a +4 quarterstaff of chaos, wearing a +0 cloak of magic resistance and carrying a wand of flame (17) (heavily wounded, hasn't noticed you)
The puff of flame hits Crazy Yiuf!
Crazy Yiuf is almost dead.
You hit Crazy Yiuf but do no damage. You grab Crazy Yiuf.
Crazy Yiuf is almost dead.
You constrict Crazy Yiuf, but do no damage.
Crazy Yiuf hits you with a +4 quarterstaff of chaos!
You suddenly lose the ability to move!
You lose your grip on Crazy Yiuf.
Crazy Yiuf hits you with a +4 quarterstaff of chaos!
You die...

...........####..##
...)..###### #....#
.....## ♣....♣
.....# ♣...♣♣
....## ♣♣.♣♣ ....#
♣.♣♣ ....# ♣♣.♣
....# ♣.♣♣ #####
♣♣@♣ #g# ... #...#
#..)# #####


You could see Crazy Yiuf.

Vanquished Creatures
  An adder (D:1)
  An ooze (D:1)
  A worm (D:2)
  2 dart slugs
  2 leopard geckos
  5 bats
  3 giant cockroaches (D:1)
  9 goblins
  7 hobgoblins
  4 kobolds (D:1)
  A quokka (D:2)
  A frilled lizard (D:1)
  9 rats
46 creatures vanquished.

Vanquished Creatures (collateral kills)
  A goblin (D:1)
  A hobgoblin (D:1)
2 creatures vanquished.

Vanquished Creatures (others)
  Robin (D:2)
1 creature vanquished.

Grand Total: 49 creatures vanquished

Notes
Turn   | Place    | Note
-------+----------+-------------------------------------------
     0 | D:1      | Maedhros the Octopode Artificer began the quest for the
                  | Orb.
     0 | D:1      | Reached XP level 1. HP: 13/13 MP: 3/3
    23 | D:1      | Reached XP level 2. HP: 13/18 MP: 4/4
   506 | D:1      | Reached XP level 3. HP: 21/23 MP: 5/5
   526 | D:2      | Noticed Robin
   960 | D:2      | Found a shadowy altar of Dithmenos.
   960 | D:2      | Found a shimmering altar of Xom.
   960 | D:2      | Found an ancient bone altar of Kikubaaqudgha.
   960 | D:2      | Found a glowing golden altar of the Shining One.
   960 | D:2      | Found a shimmering blue altar of Sif Muna.
   965 | D:2      | Found a glowing silver altar of Zin.
   965 | D:2      | Found a bloodstained altar of Trog.
   966 | D:2      | Found a stormy altar of Qazlal.
   971 | D:2      | Became a worshipper of Xom of Chaos
   980 | D:2      | Fell from the grace of Xom
   980 | D:2      | Became a worshipper of Dithmenos the Shadowed
  1082 | D:1      | XOM: stat loss: -3 Str (8/11)
  1565 | D:2      | Found a snail-covered altar of Cheibriados.
  1574 | D:2      | Reached XP level 4. HP: 21/28 MP: 7/7
  1635 | D:2      | Your ally died
  1880 | D:2      | Found a runed translucent door.
  1881 | D:2      | Noticed Crazy Yiuf
  2046 | D:2      | Paralysed by Crazy Yiuf for 5 turns
  2047 | D:2      | Slain by Crazy Yiuf

Levels and vault maps discovered:
D:1:      dpeg_arrival_yet_another_circle, layout_loops_ring
D:2:      layout_rooms, grunt_temple_overflow_open, first_ration,
          kennysheep_slug_shrine, uniq_robin, uniq_crazy_yiuf_cottage

Skill      XL: |  1  2  3  4 |
---------------+-------------+-----
Stealth        | 2 3 4 |  4.2
Evocations     | 4 |  4.5
Fighting       | |  1.0
Short Blades   | |  1.0
Dodging        | |  2.0

Action                   |  1- 3 |  4- 6 || total
-------------------------+-------+-------++-------
Melee: Short sword       |    73 |    28 ||   101
       Constrict         |    16 |    10 ||    26
       Tentacles         |    13 |     3 ||    16
Evoke: Wand              |     1 |     3 ||     4
 Stab: Sleeping          |     4 |       ||     4
       Distracted        |       |     1 ||     1
  Eat: Chunk             |     1 |     2 ||     3
Armor: Skin              |    13 |     2 ||    15
Dodge: Dodged            |    60 |    20 ||    80

Table legend:
 A = Non-vault XP
 B = Vault XP
 C = Vault XP percentage of total XP
 D = Non-vault monster count
 E = Vault monster count
 F = Vault count percentage of total count
                 A         B        C        D         E       F
            +---------+---------+-------+---------+---------+-------
      Total |      82 |      24 |  22.6 |      36 |      12 |  25.0
            +---------+---------+-------+---------+---------+-------
        D:1 |      64 |       6 |   8.6 |      28 |       4 |  12.5
        D:2 |      18 |      18 |  50.0 |       8 |       8 |  50.0
            +---------+---------+-------+---------+---------+-------
